 Dungeon Crawl Stone Soup version 0.28-a0-563-gf77a47075d (webtiles) character file.

Game seed: 7950949832196084173

52 iamoutofideas the Chopper (level 3, -1/33 HPs)
             Began as a Hill Orc Monk on Oct 1, 2021.
             Was an Initiate of Gozag.
             Succumbed to an adder's poison
             ... on level 2 of the Dungeon.
             The game lasted 00:01:36 (2139 turns).

iamoutofideas the Chopper (Hill Orc Monk)           Turns: 2139, Time: 00:01:37

Health: -1/33      AC:  2    Str: 14    XL:     3   Next: 85%
Magic:  3/3        EV: 12    Int: 10    God:    Gozag
Gold:   65         SH:  0    Dex: 13    Spells: 2/2 levels left

rFire   . . .      SeeInvis .   a - +0 hand axe
rCold   . . .      Faith    .   (no shield)
rNeg    . . .      Spirit   .   b - +0 robe
rPois   .          Reflect  .   (no helmet)
rElec   .          Harm     .   (no cloak)
rCorr   .          Rampage  .   (no gloves)
Will    .....                   (no boots)
Stlth   ++........              (no amulet)
HPRegen 0.11/turn               (no ring)
MPRegen 0.08/turn               (no ring)

@: lethally poisoned (-1 -> -12)
A: no striking features
a: Renounce Religion, Potion Petition, Call Merchant, Bribe Branch


You were on level 2 of the Dungeon.
You worshipped Gozag.
Gozag was noncommittal.
You visited 1 branch of the dungeon, and saw 2 of its levels.

You collected 65 gold pieces.

Inventory:

Hand Weapons
 a - a +0 hand axe (weapon)
Armour
 b - a +0 robe (worn)
Scrolls
 c - a scroll of torment {unknown}
 d - a scroll of magic mapping {unknown}
 f - 2 scrolls of identify {unknown}
 h - a scroll of holy word {unknown}
Potions
 e - a potion of degeneration {unknown}
 g - 2 potions of might {unknown}


   Skills:
 - Level 3.8 Fighting
 + Level 6.0 Axes
 - Level 2.4 Dodging
 - Level 1.5 Stealth


You had 2 spell levels left.
You didn't know any spells.
Your spell library contained the following spells:

 Spells                   Type           Power      Damage    Failure   Level
 Malign Gateway           Summ/Tloc      0%         N/A       100%        7
 Summon Horrible Things   Summ           0%         N/A       100%        8


Dungeon Overview and Level Annotations

Branches:
Dungeon (2/15)

Altars:
Gozag

Annotations:
D:2 1 runed translucent door, Crazy Yiuf, Terence


Message History

You hit the adder.
The adder is moderately wounded.
You feel sick. The adder misses you.
You miss the adder.
The adder is moderately wounded.
You feel sick. The adder barely misses you.
You closely miss the adder.
The adder is moderately wounded.
You feel sick. The adder misses you.
You hit the adder but do no damage.
The adder is moderately wounded.
You feel sick. The adder misses you. The adder closely misses you.
You miss the adder.
The adder is moderately wounded.
You feel sick. The adder completely misses you.
You hit the adder.
The adder is moderately wounded.
You feel sick. The adder bites you.
You are more poisoned.
The adder poisons you!
You are too injured to fight recklessly!
You closely miss the adder.
The adder is moderately wounded.
You feel sick. The adder misses you. The adder closely misses you.
You barely miss the adder.
The adder is moderately wounded.
You feel sick. The adder bites you.
* * * LOW HITPOINT WARNING * * *
You are lethally poisoned!
The adder poisons you!
You barely miss the adder.
The adder is moderately wounded.
* * * LOW HITPOINT WARNING * * *
You feel very sick. The adder bites you.
* * * LOW HITPOINT WARNING * * *
You miss the adder.
The adder is moderately wounded.
You die...
Your body crumbles into a pile of gold.

#####.#...#####
#.#.............(
#.#.#............ ...
#.......####.
########.###.#..#+#.##..
..................#.....
...:.....###......#.#.#.
.........# ######.#.#...
...((.S@.########.#.###.
...######......##.#.....
#......##.######
#......##.......
#......##.......
#......##.....#.
#......##.....#.
#......##.....#.
#......##.....#.


You could see an adder.

Vanquished Creatures
  A hound (D:2)
  A dart slug (D:2)
  2 endoplasms
  A goblin (D:1)
  2 hobgoblins (D:1)
  3 jackals (D:1)
  2 quokkas (D:1)
  3 ball pythons
  2 kobolds
  2 rats
19 creatures vanquished.

Notes
Turn   | Place    | Note
-------+----------+-------------------------------------------
     0 | D:1      | iamoutofideas the Hill Orc Monk began the quest for the
                  | Orb.
     0 | D:1      | Reached XP level 1. HP: 19/19 MP: 1/1
   212 | D:1      | Reached XP level 2. HP: 18/27 MP: 2/2
   373 | D:1      | Found a faded altar of an unknown god.
  1120 | D:2      | Reached skill level 5 in Axes
  1300 | D:2      | Noticed Terence
  1616 | D:2      | Found an opulent altar of Gozag.
  1680 | D:2      | Became a worshipper of Gozag Ym Sagoz the Greedy
  1760 | D:2      | Reached skill level 6 in Axes
  1760 | D:2      | Reached XP level 3. HP: 6/33 MP: 3/3
  2070 | D:2      | Found a runed translucent door.
  2071 | D:2      | Noticed Crazy Yiuf
  2139 | D:2      | Succumbed to an adder's poison

Illustrated notes

Levels and vault maps discovered:
D:1:      doesnt_arrival_eight_statues, layout_loops_ring,
          shapermc_ecumenical_altar_venn
D:2:      layout_basic, basic_altar, corner_web_ring, st_stairs_10,
          uniq_crazy_yiuf_cottage, uniq_terence, uniq_robin

Skill      XL: |  1  2 |
---------------+-------+-----
Axes           | 6 |  6.0
Fighting       | |  3.8
Dodging        | |  2.4
Stealth        | |  1.5

Action                   || total
-------------------------++-------
Melee: Hand axe          ||    99
 Stab: Sleeping          ||     1
Armor: Robe              ||     7
Dodge: Dodged            ||    75

Table legend: (Time is in decaauts)
 A = Elapsed time spent in this place.
 B = Non-inter-level travel time spent in this place.
 C = Inter-level travel time spent in this place.
 D = Time resting spent in this place.
 E = Time spent auto-exploring this place.
 F = Levels seen in this place.
 G = Mean time per level.
                   A        B        C        D        E       F      G
               +--------+--------+--------+--------+--------+-----+--------+
         Total |   2144 |   2107 |     37 |    800 |   1105 |   2 | 1072.0 |
       Dungeon |   2144 |   2107 |     37 |    800 |   1105 |   2 | 1072.0 |
               +--------+--------+--------+--------+--------+-----+--------+

Top non-repeatable levels by time:
     D:1: 1351 daAuts
     D:2: 793 daAuts
